 Dungeon Crawl Stone Soup version 0.30-a0-585-g93115170b9 (webtiles) character file.

Game seed: 6496520886550124611

658 cforsyth the Ruffian (level 7, -2/66 HPs)
             Began as a Ghoul Monk on Jan 2, 2023.
             Was a Believer of Okawaru.
             Slain by an ogre
             ... wielding a +0 giant club
              (20 damage)
             ... on level 5 of the Dungeon.
             The game lasted 00:07:12 (3439 turns).

cforsyth the Ruffian (Ghoul Monk)                   Turns: 3439, Time: 00:07:12

Health: -2/66      AC:  8    Str: 17    XL:     7   Next: 55%
Magic:  4/6        EV: 12    Int:  5    God:    Okawaru [**....]
Gold:   150        SH:  0    Dex: 11    Spells: 6/6 levels left

rFire   . . .      SeeInvis .      - Unarmed
rCold   + + .      Faith    .    (no shield)
rNeg    + + +      Spirit   .    u - +0 scale mail
rPois   ∞          Reflect  .    (no helmet)
rElec   .          Harm     .    o - +0 cloak
rCorr   .          Rampage  .    (no gloves)
Will    .....                    (no boots)
Stlth   ++                       (no amulet)
HPRegen 0.00/turn                s - ring of protection from cold
MPRegen 0.10/turn                (no ring)

@: heroic, inhibited regen
A: claws 1, cold resistance 1, negative energy resistance 3, inhibited
regeneration, torment resistance 2, devour on kill
a: Renounce Religion, Heroism


You were on level 5 of the Dungeon.
You worshipped Okawaru.
Okawaru was pleased with you.
You visited 1 branch of the dungeon, and saw 5 of its levels.
You also visited: Sewer.

You collected 172 gold pieces.
You spent 22 gold pieces at shops.

Inventory:

Armour
 o - a +0 cloak (worn)
 u - a +0 scale mail (worn)
Jewellery
 m - a ring of wizardry
 s - a ring of protection from cold (left claw)
 t - an amulet of the acrobat
Scrolls
 c - a scroll of enchant weapon {unknown}
 d - 2 scrolls of magic mapping {unknown}
 i - a scroll of immolation
 k - 2 scrolls of brand weapon
 l - a scroll of fear {unknown}
 p - a scroll of torment {unknown}
 q - 2 scrolls of amnesia
Potions
 a - 2 potions of heal wounds
 b - a potion of ambrosia
 e - 3 potions of resistance
 g - a potion of invisibility
 h - 2 potions of haste
 n - a potion of brilliance
 v - a potion of cancellation
 w - a potion of magic
 x - 3 potions of might
 z - a potion of curing
 A - a potion of attraction


   Skills:
 + Level 7.0(12.0) Fighting
 - Level 2.6(7.6) Dodging
 - Level 2.1(7.1) Stealth
 + Level 7.0(12.0) Unarmed Combat


You had 6 spell levels left.
You didn't know any spells.
Your spell library contained the following spells:

 Spells                   Type           Power      Damage    Failure   Level
 Sting                    Tmut/Pois      0%         1d3       86%         1
 Poisonous Vapours        Pois/Air       0%         N/A       94%         2
 Olgreb's Toxic Radiance  Pois           0%         N/A       100%        4
 Irradiate                Conj/Tmut      0%         3d11      100%        5
 Blade Hands              Tmut           Unusable   N/A       N/A         5
 Dragon Form              Tmut           Unusable   N/A       N/A         7

Dungeon Overview and Level Annotations

Branches:
Dungeon (5/15)              Sewer (visited)
 Temple: D:4-7

Altars:
Cheibriados
Gozag
Okawaru
Ru
Uskayaw
Xom
Yredelemnul

Shops:
D:4 *


Innate Abilities, Weirdness & Mutations

You are immune to poison.
You have sharp fingernails.
Your flesh is cold resistant. (rC+)
You are immune to negative energy. (rN+++)
You do not regenerate when monsters are visible.
You are immune to unholy pain and torment.
You thrive by killing the living.


Message History

Done exploring.
Done exploring.
Done exploring.
(D) Dungeon
Where to? (Enter - D:4, ? - help)
You see here a +0 trident.
You see here a +0 short sword.
There is a stone staircase leading down here.
You climb downwards.
The orc shouts!
You hear a shout!
There is a stone staircase leading up here.
An orc is nearby!
An orc is nearby!
An orc is nearby!
An orc is nearby!
The orc barely misses you.
You claw the orc!
You kill the orc!
Okawaru accepts your kill.
A quokka comes into view.
An ogre comes into view. It is wielding a +0 giant club.
You claw the quokka!
You kill the quokka!
Okawaru accepts your kill.
Unknown command.
The ogre hits you with a +0 giant club!!
You barely miss the ogre. You scratch the ogre.
The ogre is lightly wounded.
The ogre hits you with a +0 giant club!!
* * * LOW HITPOINT WARNING * * *
You are too injured to fight recklessly!
You are too injured to fight recklessly!
You are too injured to fight recklessly!
You are too injured to fight recklessly!
You are too injured to fight recklessly!
You are too injured to fight recklessly!
You gain the combat prowess of a mighty hero.
The ogre hits you with a +0 giant club!!
You die...

.......#
....^..###
.....#...
###......
......# #.†..#
#<.### .#.#....#
........)@#
.###.#.#..O....#
#.#.##.#....# .
..##.#....#
......... ...#
#######....#..#
###.#.... .##


You could see an ogre.

Vanquished Creatures
  Sigmund (D:3)
  2 kobold brigands (Sewer)
  2 scorpions
  A hound (D:4)
  An iguana (D:5)
  9 adders
  3 dart slugs
  7 orcs
  6 endoplasms
  4 giant cockroaches
  5 goblins
  2 hobgoblins
  2 jackals (D:3)
  14 kobolds
  4 quokkas
  8 ball pythons
  11 bats
  12 frilled lizards
  8 rats
102 creatures vanquished.

Notes
Turn   | Place    | Note
-------+----------+-------------------------------------------
     0 | D:1      | cforsyth the Ghoul Monk began the quest for the Orb.
     0 | D:1      | Reached XP level 1. HP: 19/19 MP: 0/0
   167 | D:1      | Reached XP level 2. HP: 20/26 MP: 1/1
   784 | D:2      | Reached XP level 3. HP: 31/33 MP: 2/2
   981 | D:2      | Reached XP level 4. HP: 40/41 MP: 3/3
  1441 | D:3      | Found a faded altar of an unknown god.
  1799 | D:3      | Found a basalt altar of Yredelemnul.
  1801 | D:3      | Found a shimmering altar of Xom.
  1801 | D:3      | Found a sacrificial altar of Ru.
  1801 | D:3      | Found an iron altar of Okawaru.
  1804 | D:3      | Noticed Sigmund
  1824 | D:4      | Noticed a scorpion
  1888 | D:4      | Found Eraojayl's General Store.
  1924 | D:4      | Found a glowing drain.
  1967 | Sewer    | Entered a sewer
  2059 | Sewer    | Reached XP level 5. HP: 47/47 MP: 4/4
  2203 | Sewer    | Noticed a kobold brigand
  2203 | Sewer    | Noticed a kobold brigand
  2215 | Sewer    | Killed a kobold brigand
  2216 | Sewer    | Reached skill level 5 in Fighting
  2216 | Sewer    | Reached skill level 5 in Unarmed Combat
  2224 | Sewer    | Killed a kobold brigand
  2225 | Sewer    | Reached XP level 6. HP: 47/57 MP: 5/5
  2690 | D:4      | Found a snail-covered altar of Cheibriados.
  2874 | D:3      | Found an opulent altar of Gozag.
  2876 | D:3      | Became a worshipper of Warmaster Okawaru
  2876 | D:3      | Reached * piety under Okawaru
  2876 | D:3      | Reached ** piety under Okawaru
  2933 | D:4      | Bought a scroll of identify for 22 gold pieces
  3230 | D:5      | Entered Level 5 of the Dungeon
  3241 | D:5      | Reached XP level 7. HP: 64/64 MP: 6/6
  3341 | D:3      | Killed Sigmund
  3370 | D:3      | Found a hide-covered altar of Uskayaw.
  3439 | D:5      | Slain by an ogre

Illustrated notes

Levels and vault maps discovered:
D:1:      ebering_trefoil_3fold, layout_basic, minmay_misc_feat_pillars,
          minmay_lizard_pond
D:2:      layout_rooms
D:3:      layout_rooms, minmay_overflow_temple_hex,
          ebering_ecumenical_altar_box, nrook_mini_vaults, uniq_sigmund
D:4:      layout_cave_pods, gammafunk_temple_overflow_elements,
          portal_sewer_entry_d, serial_shops, nicolae_shop_waterfront
D:5:      layout_loops_ring

Skill      XL: |  1  2  3  4  5  6  7 |
---------------+----------------------+-----
Fighting       | 4 5 6 7 |  7.0
Unarmed Combat | 4 5 6 7 |  7.0
Dodging        | |  2.6
Stealth        | |  2.1

Action                   |  1- 3 |  4- 6 |  7- 9 || total
-------------------------+-------+-------+-------++-------
Melee: Unarmed           |   124 |   184 |    16 ||   324
       Punch             |     4 |     4 |     1 ||     9
Invok: Heroism           |       |       |     1 ||     1
  Use: Scroll            |       |    14 |       ||    14
 Stab: Sleeping          |     1 |       |       ||     1
Armor: Robe              |     3 |       |       ||     3
       Ring mail         |    39 |    30 |       ||    69
       Scale mail        |       |    46 |     1 ||    47
Dodge: Dodged            |    81 |   103 |     4 ||   188

Table legend: (Time is in decaauts)
 A = Elapsed time spent in this place.
 B = Non-inter-level travel time spent in this place.
 C = Inter-level travel time spent in this place.
 D = Time resting spent in this place.
 E = Time spent auto-exploring this place.
 F = Levels seen in this place.
 G = Mean time per level.
                   A        B        C        D        E       F      G
               +--------+--------+--------+--------+--------+-----+--------+
         Total |   3454 |   3136 |    318 |    135 |   2112 |   6 |  575.7 |
       Dungeon |   3130 |   2812 |    318 |    135 |   1977 |   5 |  626.0 |
         Sewer |    324 |    324 |      0 |      0 |    134 |   1 |  324.0 |
               +--------+--------+--------+--------+--------+-----+--------+

Top non-repeatable levels by time:
     D:4: 1088 daAuts
     D:1: 764 daAuts
     D:3: 664 daAuts
     D:2: 559 daAuts
   Sewer: 324 daAuts
     D:5: 54 daAuts
